 Dungeon Crawl Stone Soup version 0.15.0-13-gb296d5c (console) character file.

67 gw the Insei (level 3, -1/33 HPs)
             Began as a Draconian Monk on Sept 3, 2014.
             Slain by Sigmund
             ... wielding a +0 scythe
              (5 damage)
             ... on Level 3 of the Dungeon.
             The game lasted 00:00:54 (2169 turns).

gw the Insei (Draconian Monk)                       Turns: 2169, Time: 00:00:54

HP  -1/33        AC  5     Str 13      XL: 3   Next: 98%
MP   3/3         EV 13     Int 10      God:
Gold 0           SH  0     Dex 12      Spells:  0 memorised,  2 levels left

rFire  + . .     SeeInvis .       - Unarmed
rCold  . . .     Rnd*Rage +     (armour unavailable)
rNeg   + . .     rCorr    .     (no shield)
rPois  .         rRot     .     (helmet restricted)
rElec  .         Spirit   .     (no cloak)
SustAb .         Warding  .     (no gloves)
rMut   .         Stasis   .     (no boots)
Gourm  .                        (no amulet)
MR     .....                    (no ring)
                                h - ring of positive energy

@: not resistant to hostile enchantments, unstealthy
A: unfitting armour, berserk 1, clumsy 1, fire resistance 1, cold-blooded, AC +5
a: no special abilities


You were on level 3 of the Dungeon.
You were not hungry.

You visited 1 branch of the dungeon, and saw 3 of its levels.

Inventory:

Missiles
 a - 59 stones (quivered)
Magical devices
 j - a wand of digging (12)
Comestibles
 b - 6 bread rations
 c - a beef jerky
 m - a royal jelly
 n - 2 slices of pizza
Scrolls
 d - a scroll of remove curse
 f - 2 scrolls of enchant armour
 i - a scroll of recharging {unknown}
Jewellery
 h - a ring of positive energy (left hand)
Potions
 e - a potion of mutation
 g - a potion of haste


   Skills:
 + Level 4.0 Fighting
 + Level 1.3 Throwing
 + Level 3.0 Dodging
 - Level 1.7 Stealth
 * Level 4.5 Unarmed Combat


You had 2 spell levels left.
You didn't know any spells.

Dungeon Overview and Level Annotations

Branches:
Dungeon (3/15)

Altars:

Annotations:
D:3 Sigmund


Innate Abilities, Weirdness & Mutations

Your plain brown scales are hard (AC +5).
Your body does not fit into most forms of armour.
Your cold-blooded metabolism reacts poorly to cold.
You tend to lose your temper in combat.
You are clumsy. (Dex -2)
Your flesh is heat resistant.


Message History

Sigmund is heavily wounded.
ATTACKING (1,0) Ouch!
You feel less confused.
Sigmund points at you and mumbles some strange words.
You are confused.
ATTACKING (1,0) Ouch!
Sigmund closely misses you.
ATTACKING (1,0) Ouch!
ATTACKING (1,0) Ouch!
Sigmund casts a spell.
Sigmund flickers and vanishes!
Deactivating autopickup; reactivate with Ctrl-A.
ATTACKING (-1,0) Ouch!
You feel less confused. Something hits you.
You die...

.....# #.##.# #..#.#
##.#.# ...#.# #..#%#
#....#
#.#..##################.#
....>...........d........
..#####################.#
###


There were no monsters in sight!

Table legend:
 A = Turns spent in this place as a percentage of turns spent in the entire game.
 B = Non-inter-level travel turns spent in this place as a percentage of non-inter-level travel turns spent in the entire game.
 C = Inter-level travel turns spent in this place as a percentage of turns spent in this place.
 D = Turns resting spent in this place as a percentage of non-inter-level travel turns spent in this place.
 E = Turns spent auto-exploring this place as a percentage of non-inter-level travel turns spent in this place.
 F = Non-inter-level travel turns spent in this place divided by the number of levels of this place that you've seen.
                   A       B       C       D       E      F
               +-------+-------+-------+-------+-------+----------------------
         Total | 100.0 | 100.0 |   1.4 |   5.9 |  23.2 | 159.3
       Dungeon | 100.0 | 100.0 |   1.4 |   5.9 |  23.2 | 159.3
               +-------+-------+-------+-------+-------+----------------------

Table legend:
 A = Kills in this place as a percentage of kills in entire the game.
 B = Kills by you in this place as a percentage of kills by you in the entire game.
 C = Kills by friends in this place as a percentage of kills by friends in the entire game.
 D = Other kills in this place as a percentage of other kills in the entire game.
 E = Experience gained in this place as a percentage of experience gained in the entire game.
 F = Experience gained in this place divided by the number of levels of this place that you have seen.
                   A       B       C       D       E      F
               +-------+-------+-------+-------+-------+----------------------
         Total | 100.0 | 100.0 |  -nan |  -nan | 100.0 |  32.0
       Dungeon | 100.0 | 100.0 |  -nan |  -nan | 100.0 |  32.0
               +-------+-------+-------+-------+-------+----------------------

Vanquished Creatures
  Jessica (D:2)
  An adder (D:3)
  2 giant geckos
  4 giant cockroaches
  3 hobgoblins (D:2)
  8 kobolds
  3 quokkas (D:2)
  A ball python (D:1)
  2 bats (D:1)
  2 giant newts
  5 goblins
  7 rats
39 creatures vanquished.

Notes
Turn   | Place    | Note
--------------------------------------------------------------
     0 | D:1      | gw, the Draconian Monk, began the quest for the Orb.
     0 | D:1      | Reached XP level 1. HP: 19/19 MP: 1/1
   328 | D:1      | Reached XP level 2. HP: 24/26 MP: 2/2
   837 | D:1      | Gained mutation: You tend to lose your temper in combat. [potion of mutation]
   837 | D:1      | Gained mutation: Your flesh is heat resistant. [potion of mutation]
   837 | D:1      | Gained mutation: You are clumsy. (Dex -2) [potion of mutation]
   937 | D:2      | Reached skill level 1 in Throwing
  1162 | D:2      | Noticed Jessica
  1170 | D:2      | Killed Jessica
  1170 | D:2      | Reached XP level 3. HP: 23/33 MP: 3/3
  2144 | D:3      | Noticed Sigmund
  2169 | D:3      | Slain by Sigmund

Action                   || total
-------------------------++-------
Melee: Unarmed           ||   103
Throw: Stone             ||    83
Evoke: Wand              ||     1
  Use: Potion            ||     9
       Scroll            ||     9
  Eat: Chunk             ||     2
       Bread ration      ||     1

Vault maps used:
D:1:      dpeg_arrival_tiny_d
D:2:      uniq_jessica
D:3:      first_bread, uniq_sigmund
